 Dungeon Crawl Stone Soup version 0.30.0-10-gfe55d96785 (webtiles) character file.

Game seed: 2145154148691610418

17 trckry the Chucker (level 2, -1/22 HPs)
             Began as a Demonspawn Wanderer on May 13, 2023.
             Slain by a gnoll
             ... wielding a +0 flail
              (4 damage)
             ... on level 1 of the Dungeon.
             The game lasted 00:02:13 (560 turns).

trckry the Chucker (Demonspawn Wanderer)             Turns: 560, Time: 00:02:13

Health: -1/22      AC:  5    Str: 14    XL:     2   Next: 44%
Magic:  5/5        EV: 25    Int: 14    God:
Gold:   37         SH:  0    Dex:  9    Spells: 4/5 levels left

rFire   . . .        a - +2 dagger
rCold   . . .        (no shield)
rNeg    . . .        c - +0 ring mail
rPois   .            (no helmet)
rElec   .            (no cloak)
rCorr   .            (no gloves)
SInv    .            (no boots)
Will    .....        e - amulet of the acrobat Stlth
                     (no ring)
HPRegen 0.23/turn    (no ring)
MPRegen 0.09/turn

%: acrobat
@: acrobatic
A: weakness stinger 1
a: no special abilities


You were on level 1 of the Dungeon.
You visited 1 branch of the dungeon, and saw 1 of its levels.

You collected 37 gold pieces.

Inventory:

Hand Weapons
 a - a +2 dagger (weapon)
Armour
 c - a +0 ring mail (worn)
Jewellery
 e - an amulet of the acrobat (around neck)
Scrolls
 b - a scroll of blinking {unknown}
 d - a scroll of fog
 f - a scroll of identify {unknown}


   Skills:
 * Level 2.2 Fighting
 - Level 2.6 Throwing
 - Level 1.0 Armour
 - Level 2.0 Spellcasting
 - Level 2.0 Summonings
 - Level 1.2 Invocations
 - Level 1.0 Evocations


You had 4 spell levels left.
You knew the following spells:

 Your Spells              Type           Power      Damage    Failure   Level
a - Summon Small Mammal   Summ           28%        N/A       22%         1

Your spell library contained the following spells:

 Spells                   Type           Power      Damage    Failure   Level
 Summon Guardian Golem    Hex/Summ       4%         N/A       67%         3


Dungeon Overview and Level Annotations

Branches:
Dungeon (1/15) Zot: 5440

Altars:


Innate Abilities, Weirdness & Mutations

You have a small tail.


Message History

The gnoll hits you with a +0 flail.
You take 6 damage, and have 10/22 hp.
MASSIVE DAMAGE!!
You hit the gnoll. You tail-slap the gnoll.
The gnoll is heavily wounded.
The gnoll hits you with a +0 flail!
* * * LOW HITPOINT WARNING * * *
You take 9 damage, and have 1/22 hp.
MASSIVE DAMAGE!!
The gnoll attacks as you move away! The gnoll closely misses you.
You see here a jackal skeleton.
The gnoll attacks as you move away! The gnoll completely misses you.
The gnoll attacks as you move away! The gnoll completely misses you.
The gnoll attacks as you move away! The gnoll hits you but does no damage.
The gnoll attacks as you move away! The gnoll misses you.
The gnoll attacks as you move away! The gnoll misses you.
The gnoll attacks as you move away! The gnoll completely misses you.
The gnoll attacks as you move away! The gnoll misses you.
The gnoll attacks as you move away! The gnoll completely misses you.
The gnoll attacks as you move away! The gnoll closely misses you.
The gnoll completely misses you. The gnoll attacks as you move away!
The gnoll closely misses you. The gnoll attacks as you move away!
The gnoll misses you. The gnoll attacks as you move away!
The gnoll closely misses you.
You hit the gnoll. You tail-slap the gnoll.
The gnoll is severely wounded.
The gnoll hits you with a +0 flail.
* * * LOW HITPOINT WARNING * * *
You take 5 damage, and have 1/22 hp.
MASSIVE DAMAGE!!
The gnoll attacks as you move away! The gnoll closely misses you.
The gnoll attacks as you move away! The gnoll hits you but does no damage.
The gnoll attacks as you move away! The gnoll closely misses you.
The gnoll attacks as you move away! The gnoll misses you.
The gnoll attacks as you move away! The gnoll hits you with a +0 flail.
* * * LOW HITPOINT WARNING * * *
You take 1 damage, and have 2/22 hp.
The gnoll attacks as you move away! The gnoll completely misses you.
There is an open door here.
The gnoll attacks as you move away! The gnoll misses you.
The gnoll attacks as you move away! The gnoll closely misses you.
The gnoll attacks as you move away! The gnoll hits you with a +0 flail.
You die...

####### #..(..##### #######
#.........# ###.....###
####.....###.#
..........########...##.### #.#
###.....#.#.....@g...'..#####.#
.(......#...######...#........#
.####......## #...##.......#
........#.## ######......##
......#÷#.#############.######
......#.................#
......#.#.÷.............#
#####.#...############..#
..........# ♣♣♣♣♣#.##


You could see a gnoll.

Vanquished Creatures
  An endoplasm (D:1)
  2 goblins (D:1)
  2 hobgoblins (D:1)
  7 jackals (D:1)
  A kobold (D:1)
13 creatures vanquished.

Notes
Turn   | Place    | Note
-------+----------+-------------------------------------------
     0 | D:1      | trckry the Demonspawn Wanderer began the quest for the Orb.
     0 | D:1      | trckry set off with the following items: a +2 dagger, 3
                  | curare-tipped darts, a +0 ring mail, a scroll of fog; and
                  | the following spell memorised: Summon Small Mammal; and the
                  | following spells available to memorise: Summon Guardian
                  | Golem.
     0 | D:1      | Reached XP level 1. HP: 13/13 MP: 3/3
   116 | D:1      | Reached skill level 1 in Fighting
   211 | D:1      | Discovered your monstrous ancestry.
   211 | D:1      | Gained mutation: You have a small tail. [demonic ancestry]
   211 | D:1      | Reached XP level 2. HP: 19/22 MP: 5/5
   460 | D:1      | HP: 2/22 [gnoll/+0 flail (5)]
   519 | D:1      | HP: 1/22 [gnoll/+0 flail (9)]
   541 | D:1      | HP: 1/22 [gnoll/+0 flail (5)]
   552 | D:1      | HP: 1/22 [gnoll/+0 flail (2)]
   560 | D:1      | Slain by a gnoll

Illustrated notes

Levels and vault maps discovered:
D:1:      beargit_arrival_diablo_church, layout_basic,
          nicolae_figureground_pulse

Skill      XL: |  1  2 |
---------------+-------+-----
Fighting       | 1 2 |  2.2
Throwing       | |  2.6
Armour         | |  1.0
Spellcasting   | |  2.0
Summonings     | |  2.0
Invocations    | |  1.2
Evocations     | |  1.0

Action                     || total
---------------------------++-------
  Melee: Dagger            ||    72
         Punch             ||     2
         Tailslap          ||     8
  Throw: Dart              ||     3
 Armour: Ring mail         ||    27
  Dodge: Dodged            ||   112
